 Dungeon Crawl Stone Soup version 0.31.0-1-g2c135a0 (webtiles) character file.

Game seed: 1210142762838478064

56532 brinewave the Cleaver (level 14, -3/130 HPs)
             Began as a Minotaur Fighter on Jan 26, 2024.
             Was the Champion of Makhleb.
             Slain by a sun demon (15 damage)
             ... led by a balrug
             ... on level 2 of the Abyss.
             The game lasted 01:09:58 (19085 turns).

brinewave the Cleaver (Minotaur Fighter)           Turns: 19085, Time: 01:09:59

Health: -3/130     AC: 19    Str: 26    XL:     14   Next: 42%
Magic:  8/27       EV:  8    Int:  8    God:    Makhleb [******]
Gold:   1537       SH:  7    Dex: 12    Spells: 13/13 levels left

rFire   . . .        a - +0 war axe
rCold   . . .        c - +0 buckler
rNeg    . . .        S - +0 plate armour
rPois   .            x - +0 hat {Will+}
rElec   +            v - scarf "Zywoet" {repulsion, Dex+2}
rCorr   .            y - +2 pair of gloves {infuse}
SInv    +            (no boots)
Will    +++++        J - amulet of regeneration Stlth
                     B - ring "Doghoy" {rElec Will+++ MP+9 Int+3 Stlth-}
HPRegen 1.21/turn    w - ring of see invisible
MPRegen 0.20/turn

%: repel missiles, infuse magic (1 MP)
@: studying Throwing
A: horns 2, retaliatory headbutt
a: Renounce Religion, Minor Destruction, Lesser Servant of Makhleb, Major
Destruction, Greater Servant of Makhleb


You were on level 2 of the Abyss.
You worshipped Makhleb.
Makhleb was exalted by your worship.
You visited 2 branches of the dungeon, and saw 16 of its levels.
You visited the Abyss 1 time.
You also visited: Ossuary and Gauntlet.

You collected 1899 gold pieces.
You spent 362 gold pieces at shops.

Inventory:

Hand Weapons
 a - a +0 war axe (weapon)
 Q - the +1 trident "Sotyoh" {flame, rElec rPois rN+ Int-2}
   (You found it on level 10 of the Dungeon)

   Int-2:     It affects your intelligence (-2).
   rElec:     It insulates you from electricity.
   rPois:     It protects you from poison rN+: It protects you from negative
   energy.
Missiles
 e - 32 poisoned darts (quivered)
 r - 13 atropa-tipped darts
 t - 8 boomerangs
 N - 3 silver javelins
 P - 4 javelins
 T - 2 throwing nets
Armour
 c - a +0 buckler (worn)
 m - a +2 hat
 v - the scarf "Zywoet" (worn) {repulsion, Dex+2}
   (You acquired it on level 7 of the Dungeon)

   Dex+2:     It affects your dexterity (+2).
 x - a +0 hat of willpower (worn)
 y - a +2 pair of gloves of infusion (worn)
 S - a +0 plate armour (worn)
Jewellery
 g - a ring of flight
 h - a +4 ring of protection
 o - a +4 ring of protection
 w - a ring of see invisible (right hand)
 B - the ring "Doghoy" (left hand) {rElec Will+++ MP+9 Int+3 Stlth-}
   (You found it on level 4 of the Lair of Beasts)

   [ring of magical power]

   Int+3:     It affects your intelligence (+3).
   rElec:     It insulates you from electricity.
   Will+++:   It greatly increases your willpower.
   MP+9:      It affects your magic capacity (+9).
   Stlth-:    It makes you less stealthy.
 F - a ring of willpower
 J - an amulet of regeneration (around neck)
 L - an amulet of the acrobat
 V - the ring of the Modern Interlopers {Str+6 Int+2}
   (You found it in a Gauntlet)

   [ring of strength]

   Str+6:     It affects your strength (+6).
   Int+2:     It affects your intelligence (+2).
 W - the ring of Arrival {rCorr MP+9}
   (You found it in a Gauntlet)

   [ring of resist corrosion]

   MP+9:      It affects your magic capacity (+9).
   rCorr:     It protects you from acid and corrosion.
 X - a ring of flight
Wands
 l - a wand of polymorph (10)
 u - a wand of acid (10)
 E - a wand of iceblast (11)
 Z - a wand of charming (13)
Scrolls
 b - 2 scrolls of blinking
 n - a scroll of poison
 p - 4 scrolls of teleportation
 q - 2 scrolls of identify
 s - 2 scrolls of enchant weapon
 I - 2 scrolls of fear
 K - a scroll of revelation
 M - a scroll of silence
 O - a scroll of fog
Potions
 i - a potion of mutation
 j - 2 potions of haste
 k - 5 potions of curing
 z - a potion of resistance
 A - 6 potions of invisibility
 D - a potion of enlightenment
 G - 7 potions of ambrosia
 H - 2 potions of lignification
 R - a potion of attraction
Miscellaneous
 f - a phial of floods
 U - a phantom mirror
 Y - a sack of spiders


   Skills:
 + Level 13.7 Fighting
 + Level 14.5 Axes
 + Level 13.3 Throwing
 + Level 13.6 Armour
 + Level 13.5 Shields
 + Level 7.6 Invocations


You had 13 spell levels left.
You didn't know any spells.
Your spell library contained the following spells:

 Spells                   Type           Power      Damage    Failure   Level
 Freeze                   Ice            0%         1d3       98%         1
 Kiss of Death            Conj/Necr      0%         2d5       98%         1
 Necrotise                Necr           0%         1d4       98%         1
 Blink                    Tloc           0%         N/A       99%         2
 Jinxbite                 Hex            0%         N/A       99%         2
 Lesser Beckoning         Tloc           0%         N/A       99%         2
 Mercury Vapours          Alch/Air       0%         N/A       99%         2
 Momentum Strike          Conj/Tloc      0%         3d8       99%         2
 Confusing Touch          Hex            0%         N/A       100%        3
 Dazzling Flash           Conj/Hex       0%         N/A       100%        3
 Frozen Ramparts          Ice            0%         1d1       100%        3
 Gell's Gravitas          Tloc           0%         N/A       100%        3
 Hailstorm                Conj/Ice       0%         3d5       100%        3
 Inner Flame              Hex/Fire       0%         N/A       100%        3
 Mephitic Cloud           Conj/Alch/Air  0%         N/A       100%        3
 Teleport Other           Tloc           0%         N/A       100%        3
 Vampiric Draining        Necr           0%         2d6       100%        3
 Anguish                  Hex/Necr       0%         N/A       100%        4
 Cause Fear               Hex            0%         N/A       100%        4
 Dispel Undead            Necr           0%         3d6       100%        4
 Flame Wave               Conj/Fire      0%         2d4       100%        4
 Martyr's Knell           Necr/Summ      0%         N/A       100%        4
 Sticky Flame             Fire/Alch      0%         2d4       100%        4
 Vhi's Electric Charge    Tloc/Air       0%         N/A       100%        4
 Arcjolt                  Conj/Air       0%         1d10      100%        5
 Curse of Agony           Necr           0%         N/A       100%        5
 Freezing Cloud           Conj/Ice/Air   0%         6-21      100%        5
 Silence                  Hex/Air        0%         N/A       100%        5
 Yara's Violent Unravell  Hex/Alch       0%         3d3       100%        5
 Dispersal                Tloc           0%         N/A       100%        6
 Plasma Beam              Fire/Air       0%         2x1d10    100%        6
 Enfeeble                 Hex            0%         N/A       100%        7


Dungeon Overview and Level Annotations

Branches:
Dungeon (11/15)            Temple (0/1) D:5            Lair (5/5) D:11
  Swamp (0/4) Lair:3       Spider (0/4) Lair:3        Slime (0/5) Lair:4
    Orc (0/2) D:10        Ossuary (visited)         Gauntlet (visited)

Altars:
Ashenzari
Cheibriados
Dithmenos
Fedhas
Hepliaklqana
Makhleb
Nemelex Xobeh
Ru
Trog
Yredelemnul
Zin

Shops:
D:8 ?   D:9 *   D:11 [

Annotations:
D:3 4 runed translucent doors, Agrajag's ghost, amateur HOFi; Crazy Yiuf
D:11 1 runed translucent door, Mamah's ghost, journeyman TrMo


Innate Abilities, Weirdness & Mutations

You have a pair of horns on your head.
You reflexively headbutt those who attack you in melee.


Message History

You hit the starspawn tentacle but do no damage.
The sun demon barely misses you. You furiously retaliate!
You headbutt the sun demon!
You block the starspawn tentacle's attack.
You barely miss the sun demon.
The sun demon is moderately wounded.
You slash the starspawn tentacle!
The sun demon hits you but does no damage.
The starspawn tentacle grabs you. The starspawn tentacle constricts you.
You hit the sun demon.
You headbutt the sun demon, but do no damage.
The sun demon is heavily wounded.
You hit the starspawn tentacle. The sun demon hits you!
You are engulfed in flames!
You closely miss the sun demon.
The sun demon is heavily wounded.
You slash the starspawn tentacle!
You destroy the starspawn tentacle!
The sun demon hits you!
You are engulfed in flames!!
* * * LOW HITPOINT WARNING * * *
You closely miss the sun demon.
The sun demon is heavily wounded.
The sun demon closely misses you.
A tentacle flies out from the starspawn's body!
A starspawn tentacle comes into view.
You slash the sun demon! You headbutt the sun demon!
The sun demon is severely wounded.
The sun demon hits you!
* * * LOW HITPOINT WARNING * * *
You are engulfed in flames!
* * * LOW HITPOINT WARNING * * *
You feel much better. The sun demon hits you!!
* * * LOW HITPOINT WARNING * * *
You are engulfed in flames!
* * * LOW HITPOINT WARNING * * *
A balrug comes into view.
It is wielding a +1 demon whip of flaming.
You feel much better. The sun demon hits you!!
* * * LOW HITPOINT WARNING * * *
You are engulfed in flames!
You die...

. .. #. . #. ##
# #. #.## .. #.
#. #.# # # ..
... #.# # ## #
....... # #...
.##.# # .
#.#.###..##.# #
# ########w####
.## ......hX3@#
#
..#.##2###/##w#
# . # # # .##│#
# ### # .##│#
....──.' #.#..
##.# # ##..##.#
. ...##.# . #


You could see a tentacled starspawn, a balrug, a sun demon, a raiju and 2
starspawn tentacles.

Vanquished Creatures
  Gastronok (Lair:3)
  Kirke (Lair:3)
  An eleionoma (Lair:3)
  A minotaur (Gauntlet)
  9 hydras
  A centaur warrior (D:11)
  2 catoblepae
  6 death yaks (Lair:4)
  Sonja (Lair:3)
  A skyshark (Lair:4)
  An obsidian statue (Gauntlet)
  A necromancer (Gauntlet)
  An ugly thing (D:11)
  16 elephants
  A manticore (D:7)
  A cyclops (D:11)
  7 black mambas
  Joseph (D:10)
  A gargoyle (D:11)
  A torpor snail (Lair:3)
  7 cane toads
  Maggie (D:10)
  4 rime drakes
  An unseen horror (D:11)
  2 large abominations
  2 kobold demonologists
  10 komodo dragons
  3 trolls
  2 hornets
  A queen bee (shapeshifter) (Lair:5)
  A queen bee (Lair:1)
  3 polar bears
  3 raiju (Abyss:2)
  Prince Ribbit (D:5)
  15 blink frogs
  3 dream sheep (Lair:3)
  A jumping spider (Lair:3)
  4 wyverns
  4 wraiths
  28 yaks
  9 basilisks
  5 steam dragons
  Edmund (D:6)
  3 acid dragons
  12 water moccasins
  2 black bears (D:6)
  3 orc warriors (D:10)
  2 sky beasts
  11 small abominations
  3 centaurs
  3 ogres (D:5)
  8 wolves
  A phantom (D:5)
  4 kobold brigands
  5 elf zombies (Ossuary)
  2 gnoll sergeants
  9 bullfrogs
  4 scorpions
  9 wights
  30 killer bees
  2 centaur zombies (Ossuary)
  2 hounds (D:5)
  4 human zombies (Ossuary)
  9 jellies
  2 gnoll boudas
  5 orc priests
  A sleepcap (D:4)
  5 orc wizards
  An iguana (D:6)
  3 mummies (Ossuary)
  18 gnolls
  Robin (D:2)
  7 adders
  3 white imps
  2 ufetubi (D:5)
  4 dart slugs
  4 ribbon worms
  24 orcs
  4 endoplasms
  2 giant cockroaches
  14 goblins
  5 hobgoblins
  7 jackals
  24 kobolds
  6 quokkas
  8 ball pythons
  8 bats
  6 frilled lizards
  4 rats (D:1)
  A starspawn tentacle (Abyss:2)
463 creatures vanquished.

Vanquished Creatures (collateral kills)
  Urug (D:10)
  An orc warrior (D:10)
2 creatures vanquished.

Vanquished Creatures (others)
  A redback (Lair:3)
1 creature vanquished.

Grand Total: 466 creatures vanquished

Notes
Turn   | Place    | Note
-------+----------+-------------------------------------------
     0 | D:1      | brinewave the Minotaur Fighter began the quest for the Orb.
     0 | D:1      | Reached XP level 1. HP: 19/19 MP: 0/0
   185 | D:1      | Reached XP level 2. HP: 10/27 MP: 1/1
   196 | D:1      | Reached skill level 3 in Axes
   748 | D:1      | Reached XP level 3. HP: 33/33 MP: 2/2
   889 | D:2      | Found a glowing silver altar of Zin.
   988 | D:2      | Noticed Robin
  1002 | D:2      | Killed Robin
  1003 | D:2      | Reached XP level 4. HP: 40/40 MP: 3/3
  1015 | D:2      | Reached skill level 4 in Axes
  1809 | D:3      | Found a runed translucent door.
  1810 | D:3      | Noticed Crazy Yiuf
  1871 | D:3      | Reached XP level 5. HP: 47/47 MP: 4/4
  2045 | D:3      | Found a burning altar of Makhleb.
  2096 | D:3      | Became a worshipper of Makhleb the Destroyer
  2270 | D:3      | Found a runed translucent gate.
  2271 | D:3      | Found a runed translucent gate.
  2272 | D:3      | Found a runed translucent gate.
  2273 | D:3      | Noticed Agrajag's ghost (amateur HOFi)
  2488 | D:3      | Reached skill level 5 in Axes
  2910 | D:4      | Found a bloodstained altar of Trog.
  2910 | D:4      | Found a sparkling altar of Nemelex Xobeh.
  2923 | D:4      | Found a basalt altar of Yredelemnul.
  2923 | D:4      | Found a hazy altar of Hepliaklqana.
  2961 | D:4      | Reached XP level 6. HP: 55/55 MP: 5/5
  3121 | D:4      | Reached skill level 5 in Armour
  3157 | D:4      | Reached skill level 5 in Fighting
  3157 | D:4      | Reached skill level 5 in Shields
  3237 | D:4      | Reached skill level 6 in Axes
  3318 | D:5      | Entered Level 5 of the Dungeon
  3368 | D:5      | Reached XP level 7. HP: 60/61 MP: 6/6
  3382 | D:5      | Reached * piety under Makhleb
  3392 | D:5      | Found a blossoming altar of Fedhas.
  3404 | D:5      | Noticed a steam dragon
  3417 | D:5      | Killed a steam dragon
  3471 | D:5      | Reached skill level 7 in Axes
  3900 | D:5      | Noticed Prince Ribbit
  3913 | D:5      | Reached XP level 8. HP: 70/70 MP: 7/7
  3936 | D:5      | Killed Prince Ribbit
  4091 | D:5      | Found a broken altar of Ashenzari.
  4246 | D:5      | Reached skill level 8 in Axes
  4335 | D:5      | Found a staircase to the Ecumenical Temple.
  4985 | D:6      | Noticed Edmund
  4998 | D:6      | Killed Edmund
  4999 | D:6      | Reached skill level 1 in Throwing
  5184 | D:6      | Found a glowing silver altar of Zin.
  5184 | D:6      | Noticed an angel
  5544 | D:7      | Noticed a hornet
  5551 | D:7      | Paralysed by a hornet for 2 turns
  5554 | D:7      | Killed a hornet
  5555 | D:7      | Reached XP level 9. HP: 45/79 MP: 8/8
  5558 | D:7      | Reached skill level 9 in Axes
  5587 | D:7      | Reached ** piety under Makhleb
  5591 | D:7      | HP: 2/79 [gnoll/+0 spear[a gnoll bouda] (7)]
  5754 | D:7      | Found a sand-covered staircase.
  5759 | Ossuary  | Entered an ossuary
  6385 | D:7      | Found a sacrificial altar of Ru.
  6389 | D:7      | Noticed a manticore
  6395 | D:7      | Killed a manticore
  6644 | D:7      | Identified 3 scrolls of acquirement
  6644 | D:7      | Acquired the scarf "Zywoet" {repulsion, Dex+2}
  6652 | D:7      | Acquired a +2 pair of gloves of infusion
  6659 | D:7      | Acquired 733 gold pieces
  6883 | D:8      | Reached XP level 10. HP: 69/90 MP: 4/9
  7031 | D:8      | Reached skill level 10 in Axes
  7076 | D:8      | You fall into a shaft and drop 3 floors!
  7123 | D:10     | Entered Level 10 of the Dungeon
  7292 | D:9      | Reached *** piety under Makhleb
  7487 | D:9      | Reached skill level 5 in Throwing
  7668 | D:9      | Acquired a manual of Throwing
  7815 | D:8      | Found a shadowy altar of Dithmenos.
  8276 | D:8      | Found Seguoffu's Magic Scroll Shop.
  8295 | D:8      | Bought a scroll of fear for 44 gold pieces
  8295 | D:8      | Bought a scroll of amnesia for 44 gold pieces
  8295 | D:8      | Bought a scroll of noise for 11 gold pieces
  8295 | D:8      | Bought a scroll of revelation for 82 gold pieces
  8295 | D:8      | Bought a scroll of teleportation for 33 gold pieces
  8295 | D:8      | Bought a scroll of revelation for 82 gold pieces
  8295 | D:8      | Bought a scroll of identify for 22 gold pieces
  8295 | D:8      | Bought 2 scrolls of identify for 44 gold pieces
  8580 | D:9      | Found Dutwuleu's Overcharged Wands.
  9199 | D:10     | Noticed Joseph
  9221 | D:10     | Killed Joseph
  9305 | D:10     | Noticed Maggie
  9312 | D:10     | Noticed an orange demon
  9324 | D:10     | Reached skill level 11 in Axes
  9330 | D:10     | Killed Maggie
  9331 | D:10     | Reached XP level 11. HP: 64/99 MP: 1/10
  9573 | D:10     | Reached **** piety under Makhleb
  9659 | D:10     | Reached skill level 10 in Armour
  9663 | D:10     | Found a staircase to the Orcish Mines.
  9675 | D:10     | Reached skill level 10 in Fighting
  9677 | D:10     | Reached skill level 10 in Shields
  9765 | D:10     | Found a snail-covered altar of Cheibriados.
  9778 | D:10     | Noticed Urug
  9787 | D:10     | Killed Urug
 10120 | D:10     | Identified the +1 trident "Sotyoh" {flame, rElec rPois rN+
                  | Int-2}
 10825 | D:11     | Noticed a green ugly thing
 10834 | D:11     | Killed a green ugly thing
 10938 | D:11     | Reached skill level 1 in Invocations
 11111 | D:11     | Found a runed translucent door.
 11124 | D:11     | Noticed Mamah's ghost (journeyman TrMo)
 11150 | D:11     | Noticed a centaur warrior
 11378 | D:11     | Killed a centaur warrior
 11439 | D:11     | Noticed a sun demon
 11603 | D:11     | Found a staircase to the Lair.
 11608 | D:11     | Found Zocapy's Superior Scales.
 11773 | Lair:1   | Entered Level 1 of the Lair of Beasts
 11830 | Lair:1   | Found a gate leading to a gauntlet.
 11838 | Gauntlet | Entered a Gauntlet
 11838 | Gauntlet | Noticed a necromancer
 11838 | Gauntlet | Found a transporter.
 11838 | Gauntlet | Found a transporter.
 11839 | Gauntlet | Noticed a soul eater
 11841 | Gauntlet | Found a transporter.
 11853 | Gauntlet | Found a transporter.
 11869 | Gauntlet | Killed a necromancer
 11974 | Gauntlet | Found a transporter.
 11974 | Gauntlet | Found a transporter.
 11979 | Gauntlet | Found a transporter.
 11981 | Gauntlet | Found a transporter.
 11982 | Gauntlet | Found a transporter.
 11982 | Gauntlet | Found a transporter.
 12098 | Gauntlet | Identified the ring of the Modern Interlopers {Str+6 Int+2}
 12106 | Gauntlet | Noticed a hell hog
 12122 | Gauntlet | Found a transporter.
 12123 | Gauntlet | Noticed an obsidian statue
 12125 | Gauntlet | Identified the ring of Arrival {rCorr MP+9}
 12195 | Gauntlet | Noticed a soul eater
 12198 | Gauntlet | Killed an obsidian statue
 12222 | Gauntlet | Noticed a minotaur
 12237 | Gauntlet | HP: 5/101 [minotaur/+4 glaive of freezing (7)]
 12300 | Gauntlet | Killed a minotaur
 12301 | Gauntlet | Reached skill level 12 in Axes
 12410 | Lair:1   | Reached XP level 12. HP: 106/110 MP: 9/13
 13176 | Lair:2   | Noticed a five-headed hydra
 13180 | Lair:2   | Noticed a four-headed hydra
 13413 | Lair:2   | Killed a five-headed hydra
 13452 | Lair:2   | Killed a four-headed hydra
 13589 | Lair:2   | Reached ***** piety under Makhleb
 13590 | Lair:2   | Reached skill level 10 in Throwing
 13992 | Lair:2   | Noticed a catoblepas
 14023 | Lair:2   | Killed a catoblepas
 14455 | Lair:3   | Reached skill level 5 in Invocations
 14573 | Lair:3   | Noticed Sonja
 14579 | Lair:3   | Killed Sonja
 14666 | Lair:3   | Reached skill level 13 in Axes
 14809 | Lair:3   | Reached XP level 13. HP: 103/118 MP: 0/16
 14979 | Lair:3   | Noticed an eleionoma
 15027 | Lair:3   | Noticed Gastronok
 15038 | Lair:3   | Killed Gastronok
 15402 | Lair:3   | Killed an eleionoma
 15455 | Lair:3   | Found a staircase to the Swamp.
 15457 | Lair:3   | Noticed Kirke
 15470 | Lair:3   | Killed Kirke
 15543 | Lair:3   | Found a hole to the Spider Nest.
 16791 | Lair:4   | Identified the ring "Doghoy" {rElec Will+++ MP+9 Int+3
                  | Stlth-}
 17036 | Lair:4   | Found a staircase to the Slime Pits.
 17124 | Lair:4   | Reached skill level 14 in Axes
 17565 | Lair:5   | Entered Level 5 of the Lair of Beasts
 17769 | Lair:5   | Reached XP level 14. HP: 120/129 MP: 18/18
 18517 | Lair:5   | Reached ****** piety under Makhleb
 18997 | Abyss:2  | Cast into level 2 of the Abyss (spriggan)
 19023 | Abyss:2  | Found a shimmering blue altar of Sif Muna.
 19072 | Abyss:2  | Noticed a tentacled starspawn
 19083 | Abyss:2  | HP: 5/130 [sun demon[a balrug] (13)]
 19084 | Abyss:2  | HP: 2/130 [sun demon[a balrug] (13)]
 19084 | Abyss:2  | Noticed a balrug
 19085 | Abyss:2  | Slain by a sun demon

Illustrated notes

Levels and vault maps discovered:
D:1:      evilmike_arrival_rings, layout_basic
D:2:      layout_loops_ring, basic_altar, uniq_robin
D:3:      layout_basic, lightli_temple_of_fire, gammafunk_ghost_necromancy,
          hex_medium, nicolae_grassy_gnolls, uniq_crazy_yiuf_cottage
D:4:      layout_rooms, grunt_temple_overflow_open,
          nicolae_kite_square_tiling_tiny
D:5:      layout_basic, mainiacjoe_overflow_concentric_impassable,
          nicolae_overflow_crystal_walls, minmay_temple_entry_gardened_gates,
          uniq_prince_ribbit1
D:6:      layout_basic, zin_angel, uniq_edmund
D:7:      layout_basic, mainiacjoe_overflow_alcove_1, nicolae_ossuary_entry_plus
D:8:      layout_loops_corners, mainiacjoe_overflow_chevrons, serial_shops,
          shop_coins
D:9:      minmay_skewed_foursquare, layout_basic, nicolae_shop_overcharged_wands
D:10:     layout_basic, mainiacjoe_overflow_boulevard, david_orc_2,
          minmay_hedge_maze, uniq_maggie, uniq_urug, uniq_joseph
D:11:     layout_cave_pools, lair_entry_dummy, ebering_ghost_reflecting_pool,
          hellmonk_scale_shop
Lair:1:   layout_roguey [special_room_bee], gauntlet_entry_generic
Lair:2:   hellmonk_destroyed_diamonds, layout_chaotic_city,
          nicolae_lair_lil_pond, grunt_megastairs_2, lemuel_fruit_fields
Lair:3:   layout_cave_shapes, alex1729_swamp_entry_worm_eleionoma,
          spider_nest_entry_a, dreamdust_gnoll_shepherd, lemuel_fruit_tree,
          uniq_sonja, uniq_kirke, uniq_gastronok
Lair:4:   layout_loops_ring, nicolae_slime_entry_field_trip, grunt_megastairs_3
Lair:5:   hellmonk_lair_end_abyssal_woods, layout_regular_city
Abyss:2:  base:
D:8

Skill      XL: |  1  2  3  4  5  6  7  8  9 10 11 12 13 14 |
---------------+-------------------------------------------+-----
Axes           | 3 4 5 6 7 8 9 11 12 13 14 | 14.5
Fighting       | 4 5 6 7 8 9 11 12 13 | 13.7
Armour         | 4 5 6 7 8 9 11 12 13 | 13.6
Shields        | 4 5 6 7 8 9 10 12 13 | 13.5
Throwing       | 2 4 6 8 10 12 13 | 13.3
Invocations    | 3 5 7 |  7.6

Action                     |  1- 3 |  4- 6 |  7- 9 | 10-12 | 13-15 || total
---------------------------+-------+-------+-------+-------+-------++-------
  Melee: War axe           |    70 |   141 |   265 |   693 |   285 ||  1454
         Headbutt          |    11 |    23 |    46 |   166 |   148 ||   394
         Trident           |       |       |       |    46 |   245 ||   291
  Throw: Dart              |       |     2 |    19 |     9 |       ||    30
         Boomerang         |       |       |     5 |    15 |       ||    20
         Stone             |       |       |     2 |     1 |       ||     3
         Javelin           |       |       |       |     5 |       ||     5
         Throwing net      |       |       |       |     1 |       ||     1
 Invoke: Minor Destruction |       |       |     1 |     4 |       ||     5
         Lesser Servant of |       |       |       |     5 |     1 ||     6
         Major Destruction |       |       |       |     1 |     1 ||     2
  Evoke: Wand              |       |       |       |     1 |       ||     1
    Use: Scroll            |     1 |     6 |    11 |    10 |       ||    28
         Potion            |       |       |     2 |     4 |     3 ||     9
   Stab: Petrified         |       |       |       |       |     4 ||     4
         Petrifying        |       |       |       |       |     1 ||     1
 Armour: Scale mail        |    52 |    89 |   197 |    76 |       ||   414
         Acid dragon scale |       |       |       |    65 |       ||    65
         Plate armour      |       |       |       |   521 |   606 ||  1127
         Chain mail        |       |       |       |    33 |       ||    33
  Dodge: Dodged            |    28 |    64 |    91 |   235 |   178 ||   596
         Repelled          |       |       |       |     5 |     3 ||     8
  Block: Buckler           |    19 |    36 |    56 |   237 |   187 ||   535
